[Event "Titled Tuesday Blitz July 4 Early 2023"]
[White "Quintiliano Pinto, Renato R."]
[Black "Bethke, Richard"]
[WhiteFideId "2117568"]
[BlackFideId "12959243"]
[WhiteElo "2685"]
[BlackElo "2533"]
[Result "1-0"]
[Round "4"]
[TimeControl "180+2"]
[Date "2023.07.04"]
[WhiteClock "0:01:40"]
[BlackClock "0:01:45"]
[Board "72"]

1. e4 c6 2. d4 d5 3. exd5 cxd5 4. Bd3 Nc6 5. c3 e5 6. dxe5 Nxe5 7. Nf3 Nxd3+ 8. Qxd3 Nf6 9. O-O Be7 10. Nbd2 O-O 11. Nb3 Bg4 12. Nbd4 Ne4 13. Be3 a6 14. Rad1 Rc8 15. h3 Bh5 16. Nf5 Bxf3 17. gxf3 Nf6 18. Bg5 Rc5 19. Rfe1 Re8 20. Rxe7 Rxe7 21. Bxf6 gxf6 22. Qd4 Kf8 23. Qxc5 1-0


[Site "https://www.chess.com"]

[Event "Titled Tuesday Blitz July 4 Early 2023"]
[White "ElDivis"]
[Black "Bauman_Guy"]
[WhiteElo "2532"]
[BlackElo "2683"]
[Result "0-1"]
[Round "4"]
[TimeControl "180+2"]
[Date "2023.07.04"]
[WhiteClock "0:00:00"]
[BlackClock "0:00:58"]
[Board "73"]

1. e4 c5 2. Nc3 d6 3. f4 g6 4. Nf3 Bg7 5. Bc4 Nc6 6. O-O Nf6 7. d3 O-O 8. f5 e6 9. fxe6 fxe6 10. e5 dxe5 11. Ng5 Nd4 12. Nce4 Nxe4 13. Nxe4 b5 14. Bg5 Qc7 15. Rxf8+ Kxf8 16. Bb3 c4 17. dxc4 bxc4 18. c3 cxb3 19. cxd4 Bb7 20. Nf6 h6 21. Rc1 Qd6 22. Qxb3 Rc8 23. dxe5 Qd4+ 24. Kh1 hxg5 25. Rf1 Qf4 0-1


[Site "https://www.chess.com"]

[Event "Titled Tuesday Blitz July 4 Early 2023"]
[White "Droin, Augustin"]
[Black "Petrosian, Karlen"]
[WhiteFideId "45105987"]
[BlackFideId "4176146"]
[WhiteElo "2531"]
[BlackElo "2681"]
[Result "0-1"]
[Round "4"]
[TimeControl "180+2"]
[Date "2023.07.04"]
[WhiteClock "0:00:05"]
[BlackClock "0:00:08"]
[Board "74"]

1. e4 e6 2. d4 d5 3. exd5 exd5 4. Nf3 Nc6 5. Bd3 Nb4 6. Bb5+ c6 7. Be2 Bf5 8. Na3 Na6 9. O-O Bxa3 10. bxa3 Nc7 11. Re1 Ne7 12. Nh4 Be4 13. f3 Bg6 14. Nxg6 hxg6 15. Bd3 Qd6 16. g3 Ne6 17. c3 Nf5 18. Bf4 Qxa3 19. Qd2 O-O 20. Be5 Rfe8 21. Rab1 b5 22. g4 Ne7 23. h4 Nf8 24. h5 f6 25. Rb3 Qa6 26. Bd6 Qb7 27. h6 Qd7 28. Ba3 Rad8 29. hxg7 Kxg7 30. Kg2 Ng8 31. Rbb1 Rxe1 32. Rxe1 Re8 33. Rh1 Qc7 34. Bc1 Ne6 35. f4 Nf8 36. f5 g5 37. Qf2 a5 38. Qf3 b4 39. Qh3 Qd6 40. c4 a4 41. c5 Qb8 42. Qh8+ Kf7 43. Rh7+ Nxh7 44. Qxh7+ Kf8 45. Bxg5 fxg5 46. f6 Nxf6 47. Qh6+ Ke7 48. Qg7+ Kd8 49. Qxf6+ Kc8 50. Qxc6+ Kd8 51. Qxd5+ Ke7 52. Bc4 Qf4 53. Qe6+ Kd8 54. Qb6+ Ke7 55. Qb7+ Kf8 56. Qf3 Qxf3+ 57. Kxf3 Ke7 58. d5 Rf8+ 59. Ke3 Rf4 60. d6+ Kd7 61. Bb5+ Ke6 62. d7 Ke7 63. c6 Kd8 64. Kd3 b3 65. axb3 axb3 66. Kc3 Rf3+ 67. Kb2 Kc7 68. Ba4 Rg3 69. Bxb3 Rxg4 70. Bd5 Rd4 71. Bh1 g4 72. Kc3 Rd1 73. Be4 g3 74. Kc2 Rd4 75. Bg2 Rd6 76. Kc3 Kd8 77. Kc2 Rf6 78. Kd3 Rf2 0-1


[Site "https://www.chess.com"]

[Event "Titled Tuesday Blitz July 4 Early 2023"]
[White "Fromm, Marius"]
[Black "robertoalejandro10"]
[WhiteFideId "12993190"]
[WhiteElo "2677"]
[BlackElo "2531"]
[Result "1-0"]
[Round "4"]
[TimeControl "180+2"]
[Date "2023.07.04"]
[WhiteClock "0:01:56"]
[BlackClock "0:00:03"]
[Board "75"]

1. e4 c5 2. Nf3 g6 3. d4 cxd4 4. Qxd4 Nf6 5. Nc3 Nc6 6. Qa4 d6 7. e5 dxe5 8. Nxe5 Bg7 9. Bb5 O-O 10. Nxc6 bxc6 11. Bxc6 Bd7 12. O-O Bxc6 13. Qxc6 Rc8 14. Qf3 Qb6 15. Rb1 Rfd8 16. Be3 Qa5 17. Rfd1 Rxd1+ 18. Rxd1 Qb4 19. Bc1 h5 20. h3 e6 21. Qf4 Qb7 22. a3 Nd5 23. Nxd5 exd5 24. c3 Qb3 25. Qf3 d4 26. cxd4 Qxf3 27. gxf3 Bxd4 28. Rxd4 Rxc1+ 29. Kg2 Rc7 30. Ra4 Rb7 31. b4 Rd7 32. Ra6 Kg7 33. f4 h4 34. Kf3 Kh6 35. Kg4 Rc7 36. Kxh4 Rd7 37. Kg4 Rc7 38. f5 Rd7 39. fxg6 fxg6 40. f4 Kg7 41. h4 Kh7 42. Kg5 Kg7 43. Rxg6+ Kf7 44. Ra6 1-0


[Site "https://www.chess.com"]

[Event "Titled Tuesday Blitz July 4 Early 2023"]
[White "Andrej2004"]
[Black "Namitbir Singh Walia"]
[BlackFideId "35071068"]
[WhiteElo "2675"]
[BlackElo "2530"]
[Result "0-1"]
[Round "4"]
[TimeControl "180+2"]
[Date "2023.07.04"]
[WhiteClock "0:00:07"]
[BlackClock "0:00:13"]
[Board "76"]

1. g3 Nf6 2. Bg2 g6 3. b3 Bg7 4. Bb2 O-O 5. Nf3 c5 6. c4 Nc6 7. O-O d5 8. cxd5 Nxd5 9. Bxg7 Kxg7 10. Qc2 b6 11. Nc3 Bb7 12. Rfd1 Nf6 13. Qb2 Nd4 14. Nxd4 Bxg2 15. Ne6+ fxe6 16. Kxg2 e5 17. d3 Qc7 18. Ne4 Rad8 19. Ng5 Qc6+ 20. Kg1 h6 21. Nf3 e4 22. dxe4 Qxe4 23. Qe5 Rd6 24. Qc3 Rfd8 25. Rxd6 exd6 26. Rd1 d5 27. e3 Qxf3 28. Qe5 Rd7 29. Rd2 Rf7 30. e4 dxe4 31. Rd8 e3 32. fxe3 Kh7 33. Qb8 Qxe3+ 34. Kg2 Qe4+ 35. Kg1 Ng8 36. Rxg8 Qe1+ 0-1


[Site "https://www.chess.com"]

[Event "Titled Tuesday Blitz July 4 Early 2023"]
[White "Stoleriu, George"]
[Black "Papayan, Oleg"]
[WhiteFideId "1227505"]
[BlackFideId "4193911"]
[WhiteElo "2673"]
[BlackElo "2529"]
[Result "0-1"]
[Round "4"]
[TimeControl "180+2"]
[Date "2023.07.04"]
[WhiteClock "0:00:07"]
[BlackClock "0:00:09"]
[Board "77"]

1. e4 e5 2. Nf3 Nc6 3. Bb5 Nf6 4. d3 Bc5 5. O-O Nd4 6. Nxd4 Bxd4 7. Be3 Bb6 8. Nc3 c6 9. Ba4 O-O 10. Bb3 d5 11. exd5 Nxd5 12. Bxd5 cxd5 13. Bxb6 Qxb6 14. b3 Be6 15. Qe2 f6 16. Na4 Qd4 17. c3 Qg4 18. f3 Qh5 19. d4 Rae8 20. Rae1 exd4 21. cxd4 Bd7 22. Qd3 Bxa4 23. bxa4 Rxe1 24. Rxe1 Re8 25. Rb1 b6 26. h3 Qg5 27. Rb5 Qc1+ 28. Kh2 Re1 29. Qf5 Rh1+ 30. Kg3 Qc7+ 31. Kg4 Rg1 32. Qxd5+ Kf8 33. f4 Qc8+ 34. Kh4 Qc1 35. Qd8+ Kf7 36. Qd7+ Kf8 37. Qg4 Qe1+ 38. g3 Qe7 39. Rd5 h6 40. Qf5 g5+ 41. Kg4 gxf4 42. Qxf4 Re1 43. Qb8+ Kg7 44. Rf5 Re4+ 45. Rf4 Re3 46. Qc8 Qe6+ 47. Qxe6 Rxe6 48. d5 Rd6 49. Rd4 Kg6 50. Kf4 h5 51. h4 a6 52. a3 b5 53. Ke4 bxa4 54. Rxa4 Rb6 55. Rb4 Rd6 56. Kd4 Kf5 57. Kc5 Rd8 58. d6 Ke6 59. Re4+ Kf5 60. Kc6 Kxe4 61. Kc7 Rg8 62. d7 Kf3 63. d8=Q Rxd8 64. Kxd8 Kxg3 65. a4 f5 66. a5 f4 67. Kc7 f3 68. Kb7 f2 69. Kxa6 f1=Q+ 70. Kb7 Qb5+ 71. Kc7 Qxa5+ 0-1


[Site "https://www.chess.com"]

[Event "Titled Tuesday Blitz July 4 Early 2023"]
[White "Radzhabov, Rodion"]
[Black "Demin, Vladimir"]
[WhiteFideId "884715"]
[BlackFideId "4167457"]
[WhiteElo "2671"]
[BlackElo "2529"]
[Result "1/2-1/2"]
[Round "4"]
[TimeControl "180+2"]
[Date "2023.07.04"]
[WhiteClock "0:00:07"]
[BlackClock "0:00:11"]
[Board "78"]

1. e4 e5 2. Nf3 Nc6 3. Nc3 Nf6 4. Be2 d5 5. exd5 Nxd5 6. O-O Nxc3 7. bxc3 e4 8. Ne1 Bd6 9. f3 Bf5 10. fxe4 Bxe4 11. Bf3 Bxf3 12. Nxf3 O-O 13. d4 Ne7 14. Rb1 Rb8 15. Qd3 h6 16. c4 c6 17. Bd2 Qd7 18. Rbe1 Rbd8 19. c3 Ng6 20. Bc1 Rfe8 21. g3 Qg4 22. Kg2 Bf4 23. Kf2 Bxc1 24. Rxe8+ Rxe8 25. Rxc1 Qh3 26. Qf1 Qf5 27. Qd1 Qe6 28. Qd3 Qh3 29. a4 a5 30. Rb1 Re7 31. Re1 Rxe1 32. Kxe1 Qg2 33. Qe2 Qh1+ 34. Qf1 Qxf1+ 35. Kxf1 Kf8 36. c5 Ke7 37. Nd2 Ke6 38. Nc4 Kd7 39. Nxa5 Kc8 40. Ke2 Ne7 41. Nc4 Kd7 42. Kd3 f5 43. Ne5+ Kc7 44. c4 g5 45. h4 b6 46. cxb6+ Kxb6 47. Nf7 gxh4 48. gxh4 Ng8 49. Nd6 Ne7 50. Kc3 Ka5 51. Kb3 f4 52. c5 f3 53. Nc4+ Ka6 54. Nd2 f2 55. Kc3 Nf5 56. Kd3 Ng3 57. d5 cxd5 58. Kd4 f1=Q 59. Nxf1 Nxf1 60. Kxd5 Ne3+ 61. Ke5 Ka5 62. Kf6 Ng4+ 63. Kg6 Kxa4 64. c6 Ne5+ 65. Kxh6 Nxc6 66. Kg7 Ne7 67. h5 Kb5 68. Kf6 Ng8+ 69. Kg7 Ne7 70. Kf7 Nf5 71. Kf6 Nh6 72. Kg6 Ng8 73. Kf7 Nh6+ 74. Ke6 Kc5 75. Kf6 Kd6 76. Kg6 Ng8 77. Kg7 Ne7 78. h6 Nf5+ 79. Kg6 Nxh6 1/2-1/2


[Site "https://www.chess.com"]

[Event "Titled Tuesday Blitz July 4 Early 2023"]
[White "Besedes, Danilo"]
[Black "Velikanov, Alexander"]
[WhiteFideId "946796"]
[BlackFideId "2039290"]
[WhiteElo "2526"]
[BlackElo "2668"]
[Result "0-1"]
[Round "4"]
[TimeControl "180+2"]
[Date "2023.07.04"]
[WhiteClock "0:00:12"]
[BlackClock "0:00:13"]
[Board "79"]

1. b3 b6 2. Bb2 Bb7 3. e3 e6 4. Nf3 Nf6 5. d4 g6 6. c4 Bg7 7. Nc3 O-O 8. Be2 d5 9. O-O c5 10. dxc5 bxc5 11. Na4 Nbd7 12. cxd5 exd5 13. Rc1 Rc8 14. Bb5 Qe7 15. Qe2 Rfd8 16. Ba6 Bxa6 17. Qxa6 Rc7 18. Rfd1 Rdc8 19. Ba3 Qe6 20. Qa5 Ne4 21. Nd4 Qf6 22. Nf3 Ne5 23. Rxd5 Nxf3+ 24. gxf3 Qxf3 25. Rc2 Nxf2 26. Rxf2 Qxd5 27. Rd2 Qg5+ 28. Kf2 Rc6 29. Ke2 Re6 30. Rd3 Rce8 31. Qxc5 Qg2+ 32. Kd1 Qxh2 33. Qxa7 Qg1+ 34. Kd2 h5 35. Bc5 h4 36. Rd7 Qf2+ 37. Kd1 h3 38. e4 Qf1+ 39. Kc2 h2 40. Nc3 h1=Q 41. Nd5 Qxe4+ 0-1


[Site "https://www.chess.com"]

[Event "Titled Tuesday Blitz July 4 Early 2023"]
[White "Deng, Henry"]
[Black "Zhu, Jiner"]
[WhiteFideId "30965454"]
[BlackFideId "8608059"]
[WhiteElo "2513"]
[BlackElo "2665"]
[Result "0-1"]
[Round "4"]
[TimeControl "180+2"]
[Date "2023.07.04"]
[WhiteClock "0:00:02"]
[BlackClock "0:00:34"]
[Board "80"]

1. e4 e5 2. Nf3 Nc6 3. d4 exd4 4. Bc4 Nf6 5. e5 d5 6. Bb5 Ne4 7. Nxd4 Bd7 8. Bxc6 bxc6 9. O-O Be7 10. f3 Nc5 11. f4 Ne4 12. f5 Bc5 13. Kh1 Qe7 14. Bf4 Bxd4 15. Qxd4 Bxf5 16. Nd2 O-O 17. Nxe4 Bxe4 18. c3 c5 19. Qe3 Rab8 20. Rf2 Rb6 21. Qg3 Rg6 22. Qe3 Rb8 23. Raf1 h6 24. c4 c6 25. Bg3 Rf8 26. Re2 Rg4 27. Rf4 Rxf4 28. Qxf4 Bd3 29. Rf2 Bxc4 30. Qg4 Bd3 31. Bh4 Qxe5 32. h3 Bg6 33. Bg3 Qe1+ 34. Kh2 Qe4 35. Qd1 Re8 36. a3 d4 37. Qa4 d3 38. Qxa7 Qd4 39. Qc7 d2 40. Qxc6 Rd8 41. Rxd2 Qxd2 42. Qxc5 Be4 43. Bf2 Kh7 44. Kg1 Rd5 45. Qe7 Qd1+ 46. Kh2 Qe2 47. Bg3 Qxg2# 0-1


[Site "https://www.chess.com"]

[Event "Titled Tuesday Blitz July 4 Early 2023"]
[White "Hilary46"]
[Black "Postlmayer, Jakob"]
[BlackFideId "1643622"]
[WhiteElo "2657"]
[BlackElo "2502"]
[Result "1/2-1/2"]
[Round "4"]
[TimeControl "180+2"]
[Date "2023.07.04"]
[WhiteClock "0:00:06"]
[BlackClock "0:00:09"]
[Board "81"]

1. e4 c5 2. Nf3 d6 3. d4 cxd4 4. Nxd4 Nf6 5. Nc3 g6 6. Be3 Bg7 7. f3 O-O 8. Qd2 Nc6 9. O-O-O d5 10. exd5 Nxd5 11. Nxc6 bxc6 12. Bd4 e5 13. Bc5 Re8 14. Nxd5 cxd5 15. Qxd5 Qxd5 16. Rxd5 Be6 17. Rd1 Bxa2 18. b3 Rec8 19. Rd5 a5 20. Kb2 a4 21. Kxa2 axb3+ 22. Kxb3 Ra5 23. Bc4 Raxc5 24. Rxc5 Rxc5 25. Rd1 Rc7 26. Rd8+ Bf8 27. Bd5 Kg7 28. c4 Bc5 29. Ka4 Bg1 30. h3 f5 31. Kb5 h5 32. Re8 Bd4 33. Bc6 Kf7 34. Rd8 Ke7 35. Rd5 Rc8 36. c5 Rb8+ 37. Kc4 Rb2 38. Ba4 Rxg2 39. c6 Bb6 40. Rd7+ Kf6 41. c7 Bxc7 42. Rxc7 Rh2 43. Be8 Rxh3 44. Rc6+ Ke7 45. Bxg6 Rxf3 46. Kd5 e4 47. Ke5 e3 48. Rc7+ Kd8 49. Rc3 e2 50. Rxf3 e1=Q+ 51. Kxf5 h4 52. Kf4 Qe6 53. Bf5 Qh6+ 54. Kg4 Ke7 55. Rh3 Qg7+ 56. Kxh4 Kf6 57. Rf3 Qg5+ 58. Kh3 Qxf5+ 59. Rxf5+ Kxf5 1/2-1/2


[Site "https://www.chess.com"]

[Event "Titled Tuesday Blitz July 4 Early 2023"]
[White "Herzog2012"]
[Black "Koziorowicz, Michal"]
[BlackFideId "21809194"]
[WhiteElo "2500"]
[BlackElo "2653"]
[Result "0-1"]
[Round "4"]
[TimeControl "180+2"]
[Date "2023.07.04"]
[WhiteClock "0:00:01"]
[BlackClock "0:00:07"]
[Board "82"]

1. e4 c6 2. d4 g6 3. Nc3 Bg7 4. Nf3 b5 5. Bd3 d6 6. a4 b4 7. Ne2 a5 8. c3 Qb6 9. h3 Nf6 10. O-O O-O 11. Be3 Ba6 12. Ng3 Bxd3 13. Qxd3 Qa6 14. Qxa6 Nxa6 15. Nd2 Rfb8 16. Rab1 Nd7 17. f4 Nb6 18. Ra1 d5 19. e5 e6 20. Rfc1 Bf8 21. c4 dxc4 22. Nxc4 Nd5 23. Bd2 c5 24. Nxa5 cxd4 25. Nc6 Rc8 26. Ne4 d3 27. b3 Nc3 28. Bxc3 bxc3 29. Rxc3 Rc7 30. Rac1 Ba3 31. Rd1 Rac8 32. b4 Bb2 33. Rb3 Rxc6 34. Rxb2 Rc4 35. Nd2 Rxb4 36. Rxb4 Nxb4 37. a5 Ra8 38. Nc4 Kf8 39. Kf2 Nd5 40. g3 Rc8 41. Nd6 Rc2+ 42. Kf3 d2 43. Ne4 Ra2 44. Rxd2 Rxa5 45. Nf6 Ra3+ 46. Kg4 Ne3+ 47. Kg5 Kg7 48. g4 h6+ 49. Kh4 Nd5 50. Nxd5 exd5 51. Rxd5 Rf3 52. Rd4 Kf8 53. Re4 Ke7 54. f5 g5+ 55. Kh5 Rxh3# 0-1


[Site "https://www.chess.com"]

[Event "Titled Tuesday Blitz July 4 Early 2023"]
[White "Guerra Tulcan, Lenin"]
[Black "Gheorghiu, Calin"]
[WhiteFideId "3601382"]
[BlackFideId "1200305"]
[WhiteElo "2649"]
[BlackElo "2499"]
[Result "1-0"]
[Round "4"]
[TimeControl "180+2"]
[Date "2023.07.04"]
[WhiteClock "0:01:55"]
[BlackClock "0:00:37"]
[Board "83"]

1. e4 c5 2. Nf3 d6 3. d4 cxd4 4. Nxd4 Nf6 5. Nc3 a6 6. Be2 e5 7. Nf3 Be7 8. O-O O-O 9. a4 Be6 10. b3 h6 11. Bb2 Nbd7 12. Re1 Rc8 13. Bf1 Qc7 14. h3 Rfe8 15. Nd2 d5 16. exd5 Nxd5 17. Nxd5 Bxd5 18. Nc4 Bxc4 19. Bxc4 Bf6 20. Qh5 Nb6 21. Bd3 Nd5 22. Qf5 g6 23. Qg4 Bg7 24. Rad1 Nf4 25. Bc4 Qc6 26. Rd7 h5 27. Bxf7+ Kh8 28. Qxf4 Qxd7 29. Bxe5 Rf8 30. Qh6# 1-0


[Site "https://www.chess.com"]

[Event "Titled Tuesday Blitz July 4 Early 2023"]
[White "Senthilkumar, Pranav"]
[Black "Soham Kamotra"]
[WhiteFideId "2083477"]
[BlackFideId "46647490"]
[WhiteElo "2491"]
[BlackElo "2648"]
[Result "1-0"]
[Round "4"]
[TimeControl "180+2"]
[Date "2023.07.04"]
[WhiteClock "0:00:07"]
[BlackClock "0:00:00"]
[Board "84"]

1. Nf3 Nf6 2. c4 b6 3. Nc3 Bb7 4. d4 e6 5. g3 Bb4 6. Bg2 O-O 7. O-O c5 8. dxc5 Bxc5 9. Bf4 a6 10. Qd2 d5 11. cxd5 Nxd5 12. Nxd5 Qxd5 13. Rfd1 Qh5 14. b4 Be7 15. Bd6 Rd8 16. Bxe7 Rxd2 17. Rxd2 Nc6 18. Bd6 Rd8 19. Rad1 h6 20. a3 b5 21. Bc5 Rxd2 22. Rxd2 Na5 23. g4 Qxg4 24. bxa5 h5 25. h3 Qg6 26. h4 Qg4 27. Rd4 Qf5 28. Ng5 Bd5 29. e4 Qf4 30. exd5 Qc1+ 31. Kh2 Qxc5 32. Rd3 exd5 33. Rxd5 Qc7+ 34. Kg1 f6 35. Nf3 Qxa5 36. Rd3 Qa4 37. Re3 Qc4 38. Ne1 Qxh4 39. Bd5+ Kh7 40. Be4+ Kh6 41. Bg2 Qg4 42. Nf3 Qc4 43. Kh2 Qc1 44. Nh4 Qc7+ 45. Kg1 g6 46. Rg3 Qc1+ 47. Kh2 g5 48. Nf5+ Kg6 49. Ne3 Kf7 50. Bd5+ Kf8 51. Rf3 Qc7+ 52. Kg2 Qe5 53. Rf5 Qd6 54. Bf3 Qxa3 55. Rxf6+ Ke7 56. Nd5+ Kd8 57. Bxh5 Qd3 58. Bf3 g4 59. Rd6+ Ke8 60. Bxg4 Qe4+ 61. Bf3 Qf5 62. Nf6+ Kf7 63. Ne4 Qe5 64. Rxa6 b4 65. Ra7+ Kf8 66. Rb7 Qd4 67. Ng3 Ke8 68. Rb8+ Kd7 69. Rb7+ Kc8 70. Rb5 Qf4 71. Rc5+ Kd8 72. Rf5 Qd4 73. Rd5+ 1-0


[Site "https://www.chess.com"]

[Event "Titled Tuesday Blitz July 4 Early 2023"]
[White "Nunez V, Gustavo Eduardo"]
[Black "Tan, Jun Ying"]
[WhiteFideId "4403690"]
[BlackFideId "5710413"]
[WhiteElo "2479"]
[BlackElo "2648"]
[Result "0-1"]
[Round "4"]
[TimeControl "180+2"]
[Date "2023.07.04"]
[WhiteClock "0:01:04"]
[BlackClock "0:00:26"]
[Board "85"]

1. e4 c5 2. Nc3 Nc6 3. g3 g6 4. Bg2 Bg7 5. d3 d6 6. Be3 e5 7. Nh3 Nge7 8. O-O O-O 9. Qd2 Nd4 10. Rac1 Bxh3 11. Bxd4 Bxg2 12. Kxg2 cxd4 13. Ne2 d5 14. f3 f5 15. c3 dxc3 16. Qxc3 Kh8 17. Qb3 Qd7 18. Nc3 d4 19. Nd1 fxe4 20. dxe4 Rac8 21. Nf2 Bh6 22. Rxc8 Rxc8 23. Ng4 Bg7 24. Qf7 Rf8 25. Nxe5 Qc7 26. Nxg6+ hxg6 27. Qe6 Qe5 28. Qh3+ Kg8 29. Rc1 Nc6 30. b4 d3 31. Kh1 Rxf3 32. b5 Qxe4 33. Qg2 d2 34. Rg1 Nd4 35. b6 axb6 36. h4 Qe2 37. Qxe2 Nxe2 38. Rd1 Rf1+ 39. Rxf1 Nxg3+ 40. Kg2 Nxf1 41. h5 d1=Q 42. h6 Bxh6 43. a4 Ne3+ 44. Kg3 Qg4+ 45. Kf2 Qf4+ 46. Ke1 Qh2 47. a5 Bf4 48. axb6 Bg3# 0-1


[Site "https://www.chess.com"]

[Event "Titled Tuesday Blitz July 4 Early 2023"]
[White "Taspinar, Yanki"]
[Black "Balla, Tamas-Kristof"]
[WhiteFideId "34561188"]
[BlackFideId "1208497"]
[WhiteElo "2647"]
[BlackElo "2478"]
[Result "1-0"]
[Round "4"]
[TimeControl "180+2"]
[Date "2023.07.04"]
[WhiteClock "0:01:11"]
[BlackClock "0:00:15"]
[Board "86"]

1. Nf3 c5 2. g3 Nc6 3. Bg2 g6 4. O-O Bg7 5. c4 e6 6. Nc3 Nge7 7. d3 O-O 8. Bg5 h6 9. Bxe7 Nxe7 10. Rc1 d6 11. a3 b6 12. Nd2 Rb8 13. b4 Bb7 14. Bxb7 Rxb7 15. Qb3 Nc6 16. Nf3 Nd4 17. Nxd4 Bxd4 18. Rfd1 Bg7 19. e3 Rc7 20. Nb5 Rd7 21. d4 cxd4 22. Nxd4 Bxd4 23. Rxd4 d5 24. cxd5 exd5 25. Rcd1 Qf6 26. Rxd5 Rxd5 27. Qxd5 Re8 28. Kg2 Kh7 29. Qb7 Re7 30. Rd7 Rxd7 31. Qxd7 a5 32. b5 h5 33. Qc6 Qe5 34. h4 Qe7 35. Qxb6 Qe4+ 36. Kh2 Qf3 37. e4 Qxe4 38. Qxa5 1-0


[Site "https://www.chess.com"]

[Event "Titled Tuesday Blitz July 4 Early 2023"]
[White "Garcia Almaguer, Juan Manuel"]
[Black "Souleidis, Georgios"]
[WhiteFideId "5110491"]
[BlackFideId "4206827"]
[WhiteElo "2475"]
[BlackElo "2644"]
[Result "0-1"]
[Round "4"]
[TimeControl "180+2"]
[Date "2023.07.04"]
[WhiteClock "0:00:00"]
[BlackClock "0:00:10"]
[Board "87"]

1. e4 c5 2. Nf3 e6 3. d4 cxd4 4. Nxd4 Nf6 5. Nc3 Nc6 6. Nxc6 bxc6 7. Bd3 d5 8. O-O Be7 9. f4 O-O 10. e5 Nd7 11. Qh5 g6 12. Qh6 Re8 13. Bd2 Bf8 14. Qh3 Nc5 15. Rae1 Nxd3 16. cxd3 Bg7 17. d4 Qb6 18. Qe3 Qxb2 19. Na4 Qxa2 20. Ra1 Qc2 21. Nc5 Qf5 22. h3 h5 23. Rfc1 Bf8 24. Qf3 h4 25. Be1 Be7 26. Ra5 g5 27. Rca1 Qxf4 28. Qxf4 gxf4 29. Nd3 a6 30. Nxf4 Bg5 31. Nh5 Kh7 32. Nf6+ Bxf6 33. exf6 Kg6 34. Bxh4 Rh8 35. g3 Rh5 36. Rc5 Bd7 37. Rca5 e5 38. dxe5 Rxe5 39. Rxa6 Rxa6 40. Rxa6 d4 41. Kf2 d3 42. Ra2 Bf5 43. g4 Be4 44. Bg3 Re6 45. Bh4 c5 46. Rd2 c4 47. Rd1 c3 48. Ke3 d2 0-1


[Site "https://www.chess.com"]

[Event "Titled Tuesday Blitz July 4 Early 2023"]
[White "Chor, Kevin"]
[Black "Iskusnyh, Sergei"]
[WhiteFideId "2090740"]
[BlackFideId "4120027"]
[WhiteElo "2456"]
[BlackElo "2644"]
[Result "1-0"]
[Round "4"]
[TimeControl "180+2"]
[Date "2023.07.04"]
[WhiteClock "0:00:19"]
[BlackClock "0:00:35"]
[Board "88"]

1. e4 e6 2. d4 d5 3. Nd2 c5 4. exd5 Qxd5 5. Ngf3 cxd4 6. Bc4 Qd6 7. O-O Nc6 8. Nb3 Nf6 9. Nbxd4 Nxd4 10. Nxd4 Be7 11. Nb5 Qc6 12. Qe2 O-O 13. Bf4 b6 14. Nd4 Qe4 15. Qxe4 Nxe4 16. Rfe1 Bb7 17. Rad1 Rfd8 18. Nb5 Bc5 19. Be3 Bxe3 20. fxe3 a6 21. Nc7 Rxd1 22. Rxd1 Rc8 23. Nxe6 g6 24. Rd8+ Rxd8 25. Nxd8 Nd6 26. Bxf7+ Nxf7 27. Nxb7 Kf8 28. c4 Ke7 29. c5 b5 30. Kf2 Kd7 31. Nd6 Ne5 32. Ke2 Kc6 33. b4 Kd5 34. Kd2 Kc6 35. Kc3 Kd5 36. h3 g5 37. Ne8 Ke4 38. Nf6+ Kxe3 39. Ng4+ Ke4 40. Nxe5 Kxe5 41. Kd3 Kd5 42. Ke3 h5 43. Kf3 a5 44. a3 a4 45. h4 gxh4 46. Kf4 Kc4 47. c6 Kb3 48. c7 Kxa3 49. c8=Q Kb2 50. Qh8+ Kb1 51. Qxh5 a3 52. Qxb5 a2 53. Qd3+ 1-0


[Site "https://www.chess.com"]

[Event "Titled Tuesday Blitz July 4 Early 2023"]
[White "Ahmad, Khagan"]
[Black "Begunov, Konstantin"]
[WhiteFideId "13431552"]
[BlackFideId "4118510"]
[WhiteElo "2644"]
[BlackElo "2452"]
[Result "1-0"]
[Round "4"]
[TimeControl "180+2"]
[Date "2023.07.04"]
[WhiteClock "0:00:13"]
[BlackClock "0:00:00"]
[Board "89"]

1. e4 c5 2. Nf3 d6 3. d4 cxd4 4. Nxd4 Nf6 5. Nc3 a6 6. Be3 Ng4 7. Bc1 Nc6 8. h3 Qb6 9. hxg4 Qxd4 10. Be3 Qxd1+ 11. Rxd1 Bxg4 12. f3 Be6 13. Nd5 Rc8 14. c3 Ne5 15. Be2 Nc4 16. Bd4 b5 17. b3 Ne5 18. f4 Nd7 19. c4 Bxd5 20. exd5 b4 21. a3 a5 22. axb4 axb4 23. Ra1 e5 24. dxe6 fxe6 25. Bg4 Nc5 26. Bxc5 dxc5 27. Bxe6 Rd8 28. Rh3 Bd6 29. Ra7 Bxf4 30. Rxg7 Be5 31. Ra7 h6 32. Re3 Bc3+ 33. Ke2 Rd2+ 34. Kf1 Rf8+ 35. Kg1 Rff2 36. Bd5+ Kf8 37. Rg3 Bg7 38. Rgxg7 1-0


[Site "https://www.chess.com"]

[Event "Titled Tuesday Blitz July 4 Early 2023"]
[White "Kopczynski, Michal"]
[Black "Vaibhav Jayant Raut"]
[WhiteFideId "1124200"]
[BlackFideId "5089034"]
[WhiteElo "2445"]
[BlackElo "2642"]
[Result "1-0"]
[Round "4"]
[TimeControl "180+2"]
[Date "2023.07.04"]
[WhiteClock "0:00:16"]
[BlackClock "0:00:00"]
[Board "90"]

1. e4 c5 2. d4 cxd4 3. c3 d3 4. Bxd3 d6 5. f4 Nc6 6. Nf3 g6 7. O-O Bg7 8. Kh1 Nf6 9. Qe1 h5 10. Be3 h4 11. Nbd2 Ng4 12. Bg1 h3 13. g3 Bd7 14. Rd1 Qc7 15. Nd4 a6 16. Be2 O-O-O 17. Bf3 Kb8 18. Nxc6+ Qxc6 19. Qe2 Nh6 20. Nb3 e5 21. f5 Qb5 22. c4 Qa4 23. Rxd6 Bc6 24. Rfd1 Rxd6 25. Rxd6 gxf5 26. Qe3 Qxc4 27. Na5 Qb5 28. Nxc6+ bxc6 29. Qa7+ Kc8 30. Rd7 Qb8 31. exf5 Qxa7 32. Rxa7 Nxf5 33. Rxa6 Nd4 34. Bxc6 Kc7 35. Bd5 Rb8 36. b3 Rd8 37. Be4 f5 38. Ra7+ 1-0


[Site "https://www.chess.com"]

[Event "Titled Tuesday Blitz July 4 Early 2023"]
[White "Akhmetov, Ayan"]
[Black "Marn, Jan"]
[WhiteFideId "13703706"]
[BlackFideId "14619245"]
[WhiteElo "2642"]
[BlackElo "2442"]
[Result "0-1"]
[Round "4"]
[TimeControl "180+2"]
[Date "2023.07.04"]
[WhiteClock "0:00:00"]
[BlackClock "0:00:29"]
[Board "91"]

1. Nf3 Nf6 2. c4 e6 3. g3 d5 4. Bg2 dxc4 5. Qa4+ c6 6. Qxc4 b5 7. Qb3 Be7 8. O-O O-O 9. d4 a6 10. Rd1 Bb7 11. Ne5 Nd5 12. Nc3 Nd7 13. Nxd7 Qxd7 14. Ne4 Qc7 15. Bd2 e5 16. Nc5 exd4 17. Rac1 Bxc5 18. Rxc5 Qb6 19. Qc2 Rae8 20. Bxd5 cxd5 21. Bb4 Rc8 22. Rxd4 a5 23. Rxc8 Rxc8 24. Bc3 Qxd4 0-1


[Site "https://www.chess.com"]

[Event "Titled Tuesday Blitz July 4 Early 2023"]
[White "Martinez Ramirez, Lennis"]
[Black "Ai, Evan"]
[WhiteFideId "3509079"]
[BlackFideId "2094770"]
[WhiteElo "2639"]
[BlackElo "2441"]
[Result "1-0"]
[Round "4"]
[TimeControl "180+2"]
[Date "2023.07.04"]
[WhiteClock "0:00:13"]
[BlackClock "0:00:32"]
[Board "92"]

1. c4 e5 2. Nc3 Bb4 3. Nd5 Bc5 4. e3 c6 5. d4 cxd5 6. dxc5 dxc4 7. Qd6 Nc6 8. Bxc4 Qf6 9. Bd2 Qxd6 10. cxd6 Nf6 11. f3 Rb8 12. a4 a6 13. a5 b5 14. axb6 Rxb6 15. b3 Bb7 16. Ne2 O-O 17. e4 Ne8 18. Be3 Nd4 19. Nxd4 exd4 20. Bxd4 Rc6 21. e5 Nxd6 22. exd6 Re8+ 23. Kf2 Rxd6 24. Rhe1 Rc8 25. Rad1 a5 26. Re7 Kf8 27. Rxf7+ Ke8 28. Re1+ Kd8 29. Bxg7 a4 30. Bf6+ Kc7 31. Be5 1-0


[Site "https://www.chess.com"]

[Event "Titled Tuesday Blitz July 4 Early 2023"]
[White "Zacurdajev, Dmitry"]
[Black "benny_aizenberg"]
[WhiteFideId "4196309"]
[WhiteElo "2441"]
[BlackElo "2629"]
[Result "0-1"]
[Round "4"]
[TimeControl "180+2"]
[Date "2023.07.04"]
[WhiteClock "0:00:00"]
[BlackClock "0:01:08"]
[Board "93"]

1. d4 Nf6 2. c4 e6 3. Nc3 Bb4 4. Qc2 O-O 5. a3 Bxc3+ 6. Qxc3 c5 7. dxc5 a5 8. Bg5 Na6 9. b4 axb4 10. axb4 Ne4 11. Bxd8 Nxc3 12. Be7 Re8 13. Bd6 b5 14. cxb6 Bb7 15. Nf3 Ne4 16. Rd1 Nxd6 17. Rxd6 Nxb4 18. e3 Ra1+ 19. Kd2 Bc6 20. Ne5 Ba4 21. Kc3 Rb1 22. Nxd7 Na2+ 23. Kd4 Rd1+ 24. Kc5 Rc8+ 0-1


[Site "https://www.chess.com"]